 Dungeon Crawl Stone Soup version 0.31-a0-489-g282fc92437 (webtiles) character file.

Game seed: 5728202017916878866

3069 MacCMillion the Grappler (level 9, 0/63 HPs)
             Began as an Octopode Shapeshifter on Aug 8, 2023.
             Was an Initiate of Gozag.
             Slain by an orc warrior
             ... wielding a +0 long sword
              (14 damage)
             ... on level 7 of the Dungeon.
             The game lasted 00:16:31 (7118 turns).

MacCMillion the Grappler (Octopode Shapeshifter)    Turns: 7118, Time: 00:16:32

Health: 0/63       AC:  1    Str: 16    XL:     9   Next: 88%
Magic:  9/9        EV: 16    Int: 10    God:    Gozag
Gold:   2363       SH:  0    Dex: 15    Spells: 8/8 levels left

rFire   . .          .
                       - Unarmed
rCold   . . .        (no shield)
rNeg    . . .        (helmet currently unavailable)
rPois   .            (no amulet)
rElec   .            (no ring)
rCorr   .            (no ring)
SInv    .            (no ring)
Will    .....        (no ring)
Stlth   +++          (no ring)
HPRegen 0.30/turn    (no ring)
MPRegen 0.11/turn    (no ring)
                     (no ring)

%: no passive effects
@: beast-form
A: beast (slay +2), almost no armour, amphibious, 8 rings, camouflage 1,
gelatinous body 1, (nimble swimmer 1), tentacles
a: Begin Untransformation, Renounce Religion, Potion Petition, Call Merchant,
Bribe Branch


You were on level 7 of the Dungeon.
You worshipped Gozag.
Gozag was most pleased with you.
You were a hulking beast.
You visited 2 branches of the dungeon, and saw 8 of its levels.
You also visited: Bailey.

You collected 2899 gold pieces.
You spent 467 gold pieces at shops.
You paid 69 gold pieces to Gozag.

Inventory:

Missiles
 q - 2 javelins
 v - 8 poisoned darts
Jewellery
 s - an amulet of the acrobat
 y - a ring of fire
 E - a ring of positive energy
Talismans
 b - a beast talisman (active)
 D - a dragon-blood talisman
Wands
 u - a wand of flame (16)
 w - a wand of polymorph (6)
Scrolls
 c - a scroll of silence
 d - a scroll of fog
 e - a scroll of amnesia {unknown}
 g - 2 scrolls of immolation
 i - a scroll of fear
 k - 4 scrolls of enchant armour
 m - 2 scrolls of brand weapon {unknown}
 n - 3 scrolls of enchant weapon {unknown}
 o - 2 scrolls of blinking
 z - a scroll of teleportation {unknown}
 B - a scroll of noise
 F - a scroll of vulnerability {unknown}
Potions
 a - a potion of lignification
 f - a potion of invisibility
 h - 2 potions of haste
 j - 4 potions of curing
 l - a potion of enlightenment
 p - 3 potions of might
 r - a potion of heal wounds
 t - a potion of resistance {unknown}
 x - a potion of degeneration {unknown}
 A - a potion of berserk rage
 C - 2 potions of attraction
 G - a potion of mutation {unknown}
Miscellaneous
 H - a lightning rod (4/4)


   Skills:
 + Level 6.8 Fighting
 + Level 6.2 Dodging
 - Level 3.0 Stealth
 * Level 10.2 Unarmed Combat
 - Level 3.0 Shapeshifting


You had 8 spell levels left.
You didn't know any spells.
Your spell library contained the following spells:

 Spells                   Type           Power      Damage    Failure   Level
 Cigotuvi's Dreadful Rot  Necr/Pois/Air  0%         N/A       50%         2
 Poisonous Vapours        Pois/Air       0%         N/A       50%         2
 Ignite Poison            Fire/Tmut/Pois 0%         N/A       75%         3
 Mephitic Cloud           Conj/Pois/Air  0%         N/A       75%         3
 Manifold Assault         Tloc           0%         N/A       98%         4
 Freezing Cloud           Conj/Ice/Air   0%         6-21      100%        5
 Dispersal                Tloc           0%         N/A       100%        6
 Disjunction              Tloc           0%         N/A       100%        8


Dungeon Overview and Level Annotations

Branches:
Dungeon (7/15)             Temple (1/1) D:5          Bailey (visited)

Altars:
Dithmenos
Gozag
Kikubaaqudgha
Makhleb
Nemelex Xobeh
Okawaru
Sif Muna
Trog
Uskayaw

Shops:
D:3 [*!::   D:4 **

Annotations:
D:2 Sigmund
D:7 1 exclusion


Innate Abilities, Weirdness & Mutations

You are a hulking beast.
Your limbs bulge with bestial killing power. (Slay +2)
You cannot wear most types of armour.
You are amphibious.
You can wear up to eight rings at the same time.
Your skin changes colour to match your surroundings (Stealth+).
Your rubbery body absorbs attacks. (AC +1, EV +1)
((You are camouflaged when in or above water. (Stealth+)))
You have tentacles for arms and can constrict up to eight enemies at once.


Message History

Welcome back to the Dungeon!
Level annotation: 1 exclusion The two-headed ogre shouts in stereo!
There is an empty arch of ancient stone here.
You tentacle-slap the two-headed ogre. x2
The two-headed ogre is lightly wounded.
The two-headed ogre barely misses you. The two-headed ogre closely misses you.
You tentacle-slap the two-headed ogre.
The two-headed ogre is lightly wounded.
You bludgeon the two-headed ogre!
You tentacle-slap the two-headed ogre, but do no damage.
Your squeeze misses the two-headed ogre.
The two-headed ogre is heavily wounded.
The two-headed ogre hits you with a +0 giant club!!
The two-headed ogre closely misses you.
You enter the deep water.
You enter the deep water.
The two-headed ogre attacks as you move away!
The two-headed ogre hits you with a +0 giant club!
The two-headed ogre closely misses you.
You enter the shallow water.
An orc warrior comes into view. It is wielding a +0 long sword.
There is an empty arch of ancient stone here.
You enter the shallow water.
You see here a scroll of identify.
You open the door.
An orc comes into view. It is wielding a +0 hand axe.
There is an open door here.
The two-headed ogre attacks as you move away!
The two-headed ogre closely misses you.
The two-headed ogre hits you with a +0 giant spiked club!
* * * LOW HITPOINT WARNING * * *
The orc shouts!
The orc warrior misses you.
The two-headed ogre attacks as you move away!
The two-headed ogre closely misses you. x2
The orc shouts!
The orc warrior hits you with a +0 long sword!
You die...
Your body crumbles into a pile of gold.

#####+### #.......#
#.......# #.......#
#..##..## ##
###O###..##..# $
#..............
#..ho........## ..
#....?........# ..o
#.≈≈~≈≈..###### ..
#.≈...≈..## ##
#.##o))o>~...#
.##########.##.≈)..≈..[#
..#...#...#..$.≈≈~≈≈...#
..'...#...#............#
.##...#...#.......#....#


You could see a two-headed ogre, an orc warrior and 2 orcs.

Vanquished Creatures
  Eustachio (D:4)
  Edmund (D:4)
  A water moccasin (D:6)
  13 orc warriors (Bailey)
  2 black bears
  A centaur (D:7)
  A sky beast (D:6)
  2 ogres
  A kobold brigand (D:6)
  Blork the orc (D:4)
  3 bullfrogs
  A scorpion (D:6)
  2 jellies
  4 hounds
  An orc priest (D:5)
  A sleepcap (D:4)
  An iguana (D:6)
  Natasha (thrice) (D:4)
  Terence (D:2)
  Robin (D:4)
  5 adders
  3 gnolls (D:6)
  A shadow imp (D:6)
  A worm (D:2)
  2 dart slugs
  15 orcs
  7 bats
  4 endoplasms
  2 giant cockroaches
  18 goblins
  12 hobgoblins
  6 jackals (D:2)
  4 quokkas
  6 ball pythons
  3 frilled lizards
  9 kobolds
  5 rats
145 creatures vanquished.

Notes
Turn   | Place    | Note
-------+----------+-------------------------------------------
     0 | D:1      | MacCMillion the Octopode Shapeshifter began the quest for
                  | the Orb.
     0 | D:1      | Reached XP level 1. HP: 13/13 MP: 1/1
   112 | D:1      | Reached XP level 2. HP: 17/18 MP: 2/2
   601 | D:2      | Noticed Terence
   613 | D:2      | Killed Terence
   614 | D:2      | Reached XP level 3. HP: 24/24 MP: 3/3
   769 | D:2      | Reached skill level 4 in Unarmed Combat
  1138 | D:2      | Reached XP level 4. HP: 26/29 MP: 4/4
  1251 | D:2      | Noticed Sigmund
  1297 | D:2      | Noticed an ogre
  1656 | D:2      | Killed an ogre
  1657 | D:2      | Reached skill level 5 in Unarmed Combat
  1657 | D:2      | Reached XP level 5. HP: 36/36 MP: 5/5
  1848 | D:3      | Found Ygryd's Assorted Antiques.
  1856 | D:3      | Found Ashaidie's Distillery.
  1864 | D:3      | Bought a potion of heal wounds for 65 gold pieces
  1864 | D:3      | Bought a potion of curing for 39 gold pieces
  2003 | D:3      | Found Gituas's Book Boutique.
  2004 | D:3      | Found Ojustomu's Book Shop.
  2199 | D:3      | Found Adool's Armour Emporium.
  2477 | D:4      | Noticed Robin
  2521 | D:4      | Killed Robin
  2600 | D:4      | Noticed Natasha
  2615 | D:4      | Killed Natasha
  2616 | D:4      | Reached XP level 6. HP: 6/42 MP: 6/6
  2910 | D:4      | Noticed Edmund
  2978 | D:4      | Noticed Blork the orc
  2987 | D:4      | Killed Blork the orc
  2988 | D:4      | Reached skill level 6 in Unarmed Combat
  3015 | D:4      | Noticed Eustachio
  3076 | D:4      | Killed Eustachio
  3077 | D:4      | Reached XP level 7. HP: 48/48 MP: 7/7
  3098 | D:4      | Found Remaghodgh's Specific Store.
  3099 | D:4      | Found Zinuwke's General Store.
  3116 | D:4      | Noticed Natasha
  3121 | D:4      | Killed Natasha
  3378 | D:4      | Noticed Natasha
  3407 | D:4      | Killed Edmund
  3590 | D:4      | Killed Natasha
  3795 | D:4      | Identified 2 scrolls of acquirement
  3795 | D:4      | Acquired 905 gold pieces
  3797 | D:4      | Acquired 1294 gold pieces
  3804 | D:5      | Entered Level 5 of the Dungeon
  3862 | D:3      | Bought a scroll labelled ZOTOIMPUCUY for 30 gold pieces
  3862 | D:3      | Bought a scroll labelled DOMOQI GUMUAV for 30 gold pieces
  3862 | D:3      | Bought a scroll labelled LAKLIF SORPHUGG for 30 gold pieces
  3867 | D:3      | Bought a potion of invisibility for 104 gold pieces
  3867 | D:3      | Bought a potion of berserk rage for 65 gold pieces
  3867 | D:3      | Bought a potion of might for 52 gold pieces
  3915 | D:4      | Bought a scroll of noise for 13 gold pieces
  3915 | D:4      | Bought a potion of attraction for 39 gold pieces
  4104 | D:5      | Found a staircase to the Ecumenical Temple.
  4141 | Temple   | Entered the Ecumenical Temple
  4147 | Temple   | Became a worshipper of Gozag Ym Sagoz the Greedy
  4245 | D:5      | Reached skill level 7 in Unarmed Combat
  4308 | D:5      | Reached XP level 8. HP: 49/54 MP: 8/8
  4823 | D:6      | Reached skill level 5 in Fighting
  4872 | D:6      | Found a burning altar of Makhleb.
  5064 | D:6      | Reached skill level 8 in Unarmed Combat
  5689 | D:7      | Reached skill level 5 in Dodging
  5689 | D:7      | Reached XP level 9. HP: 57/62 MP: 9/9
  5773 | D:7      | Reached skill level 1 in Stealth
  5773 | D:7      | Reached skill level 9 in Unarmed Combat
  5884 | D:7      | Found a flagged portal.
  5946 | D:7      | Noticed a two-headed ogre
  5949 | Bailey   | Entered a bailey
  6783 | Bailey   | Reached skill level 10 in Unarmed Combat
  6962 | Bailey   | Noticed an orc knight
  7118 | D:7      | Slain by an orc warrior

Illustrated notes

Levels and vault maps discovered:
D:1:      minmay_arrival_five_plusses, layout_basic
D:2:      minmay_inner_zag, layout_loops_cross, uniq_sigmund, uniq_terence
D:3:      layout_rooms, serial_shops, shop, shop, shop, shop, shop
D:4:      layout_basic, nicolae_specific_store, uniq_edmund, uniq_natasha,
          uniq_robin, uniq_blork_the_orc, uniq_eustachio
D:5:      layout_basic, minmay_temple_entry_overgrown
D:6:      layout_rooms, makhleb_heckhound_becter
D:7:      layout_gridville, minitemple, enter_bailey_5, nrook_uturn,
          nicolae_elevator_lobby_plus, uniq_crazy_yiuf_cottage
Temple:   hellmonk_temple_two_chambers

Skill      XL: |  1  2  3  4  5  6  7  8  9 |
---------------+----------------------------+-----
Fighting       | 2 3 4 5 6 |  6.8
Unarmed Combat | 4 5 6 7 8 10 | 10.2
Dodging        | 3 5 6 |  6.2
Stealth        | 3 |  3.0
Shapeshifting  | |  3.0

Action                     |  1- 3 |  4- 6 |  7- 9 || total
---------------------------+-------+-------+-------++-------
  Melee: Unarmed           |    53 |    95 |   190 ||   338
         Tentacles         |    12 |    22 |    56 ||    90
         Constrict         |    12 |    24 |    39 ||    75
         Punch             |       |     4 |    16 ||    20
  Throw: Dart              |       |       |     9 ||     9
    Use: Scroll            |       |       |    11 ||    11
         Potion            |       |       |     1 ||     1
   Stab: Sleeping          |     7 |     5 |     9 ||    21
         Distracted        |       |       |     2 ||     2
 Armour: Skin              |     6 |    24 |     5 ||    35
  Dodge: Dodged            |    23 |    44 |   105 ||   172

Table legend: (Time is in decaauts)
 A = Elapsed time spent in this place.
 B = Non-inter-level travel time spent in this place.
 C = Inter-level travel time spent in this place.
 D = Time resting spent in this place.
 E = Time spent auto-exploring this place.
 F = Levels seen in this place.
 G = Mean time per level.
                   A        B        C        D        E       F      G
               +--------+--------+--------+--------+--------+-----+--------+
         Total |   7085 |   6580 |    505 |   1914 |   2958 |   9 |  787.2 |
       Dungeon |   5960 |   5455 |    505 |   1174 |   2958 |   7 |  851.4 |
        Temple |     12 |     12 |      0 |      0 |      0 |   1 |   12.0 |
        Bailey |   1112 |   1112 |      0 |    740 |      0 |   1 | 1112.0 |
               +--------+--------+--------+--------+--------+-----+--------+

Top non-repeatable levels by time:
     D:4: 1573 daAuts
  Bailey: 1112 daAuts
     D:2: 968 daAuts
     D:1: 876 daAuts
     D:6: 828 daAuts
     D:5: 821 daAuts
     D:3: 528 daAuts
     D:7: 363 daAuts
  Temple: 12 daAuts
